 Dungeon Crawl Stone Soup version 0.25-a0-420-g1cc7eeb0d1 (webtiles) character file.

Game seed: 3456484903282942289, levelgen mode: deterministic

91 MrRokkomies the Ducker (level 4, -1/23 HPs)
             Began as a Spriggan Abyssal Knight on Jan 19, 2020.
             Was a Follower of Lugonu.
             Slain by a gnoll
             ... wielding a +0 flail
              (4 damage)
             ... on level 3 of the Dungeon.
             The game lasted 00:04:46 (2335 turns).

MrRokkomies the Ducker (Spriggan Abyssal Knight)    Turns: 2335, Time: 00:04:47

Health: -1/23      AC:  3    Str:  9    XL:     4   Next: 33%
Magic:  7/7        EV: 19    Int: 13    God:    Lugonu [*.....]
Gold:   66         SH:  0    Dex: 15    Spells: 3/3 levels left

rFire    . . .     SeeInvis +   a - +2 short sword (drain)
rCold    . . .     Gourm    .   (shield restricted)
rNeg     . . .     Faith    .   e - +0 robe
rPois    .         Spirit   .   (helmet restricted)
rElec    .         Reflect  .   t - +0 cloak
rCorr    .         Harm     .   (gloves unavailable)
MR       .....                  (boots unavailable)
Stlth    ++........             (no amulet)
HPRegen  0.07/turn              n - ring of wizardry
MPRegen  0.10/turn              (no ring)

@: very quick
A: very small, unfitting armour, see invisible, herbivore, speed 3, slow
metabolism 2
a: Depart the Abyss, Renounce Religion


You were on level 3 of the Dungeon.
You worshipped Lugonu.
Lugonu was aware of your devotion.
You were not hungry.

You visited 1 branch of the dungeon, and saw 3 of its levels.
You visited the Abyss 1 time.

You collected 66 gold pieces.

Inventory:

Hand Weapons
 a - a +2 short sword of draining (weapon)
 b - a +2 hand crossbow of flaming
Missiles
 p - 21 bolts
 r - 18 poisoned darts (quivered)
Armour
 e - a +0 robe (worn)
 t - a +0 cloak (worn)
Jewellery
 n - a ring of wizardry (left hand)
Scrolls
 i - 2 scrolls of identify {unknown}
 j - a scroll of fog {unknown}
 k - a scroll of enchant weapon {unknown}
 l - a scroll of amnesia {unknown}
 o - a scroll of random uselessness {unknown}
 s - 2 scrolls of teleportation {unknown}
 u - a scroll of remove curse {unknown}
Potions
 d - a potion of cancellation {unknown}
 f - a potion of haste {unknown}
 g - 2 potions of curing {unknown}
 h - a potion of degeneration {unknown}
 m - a potion of berserk rage {unknown}
 q - a potion of lignification {unknown}
Comestibles
 c - 8 rations


   Skills:
 - Level 2.9 Fighting
 * Level 3.0 Short Blades
 + Level 4.2 Dodging
 + Level 2.3 Stealth
 * Level 2.7 Invocations


You had 3 spell levels left.
You didn't know any spells.
Your spell library contained the following spells:

 Spells                   Type           Power        Failure   Level  Hunger
 Animate Skeleton         Necr           N/A          12%         1    ##.....
 Apportation              Tloc           #.....       12%         1    ##.....
 Corona                   Hex            #......      12%         1    ##.....
 Summon Small Mammal      Summ           #...         12%         1    ##.....


Dungeon Overview and Level Annotations

Branches:
Dungeon (3/15)

Altars:


Innate Abilities, Weirdness & Mutations

You are very small and have problems with some larger weapons.
You are too small for most types of armour.
You have supernaturally acute eyesight. (SInv)
You are a herbivore.
You cover ground extremely quickly.
You need to consume almost no food.


Message History

The giant cockroach misses you.
You hit the giant cockroach.
You kill the giant cockroach!
Lugonu accepts your kill.
You hit the gnoll.
The gnoll is moderately wounded.
The gnoll closely misses you.
You hit the gnoll but do no damage.
The gnoll is moderately wounded.
The gnoll looks more healthy.
The gnoll misses you. The gnoll hits you with a +0 flail!
You hit the gnoll. You drain the gnoll.
The gnoll is severely wounded.
The gnoll misses you. The gnoll completely misses you.
You barely miss the gnoll.
The gnoll is heavily wounded.
The gnoll hits you from afar with a +0 spear!
* * * LOW HITPOINT WARNING * * *
The gnoll hits you with a +0 flail.
You die... #.# #.. #..# #.# #.# #..# #.# #.# #.. #.# #.# ... #.# #.# . ##.## #.# #.# g.g

..<#######.###.#
....?######..#....##......
#..((gg@...#.##.........
##.#######.#.#####......
#...# ##.<... #.### #.(...
#.# .....## #.# ###.....
#.# ###### #.# ##..... #.#
##.<.###


You could see 2 gnolls.

Vanquished Creatures
  A hound zombie (D:2)
  A gnoll (D:3)
  2 adders (D:2)
  A worm (D:2)
  A dart slug (D:1)
  3 giant cockroaches
  3 goblins
  6 hobgoblins
  4 jackals (D:1)
  2 quokkas (D:2)
  6 bats
  A frilled lizard (D:3)
  6 kobolds
  7 rats
44 creatures vanquished.

Notes
Turn   | Place    | Note
-------+----------+-------------------------------------------
     0 | Abyss:1  | MrRokkomies the Spriggan Abyssal Knight began the quest for
                  | the Orb.
     0 | Abyss:1  | Reached XP level 1. HP: 11/11 MP: 3/3
    65 | Abyss:4  | Noticed a small abomination
    80 | Abyss:5  | Entered Level 5 of the Abyss
   108 | Abyss:5  | Noticed a rakshasa
   110 | D:1      | Escaped the Abyss
   351 | D:1      | Reached XP level 2. HP: 10/16 MP: 4/4
   365 | D:1      | Reached * piety under Lugonu
   694 | D:1      | Reached skill level 1 in Stealth
  1234 | D:2      | Reached XP level 3. HP: 19/19 MP: 5/5
  2075 | D:2      | Reached skill level 4 in Dodging
  2178 | D:2      | Reached XP level 4. HP: 23/23 MP: 6/6
  2250 | D:3      | Found a faded altar of an unknown god.
  2335 | D:3      | Slain by a gnoll

Levels and vault maps discovered:
D:1:      dpeg_arrival_signposts, layout_basic, grunt_decor_one_mirror
D:2:      layout_basic
D:3:      layout_loops_ring, first_ration,
          chequers_ecumenical_altar_simple_redux

Skill      XL: |  1  2  3  4 |
---------------+-------------+-----
Stealth        | 1 2 |  2.3
Invocations    | 2 |  2.7
Dodging        | 4 |  4.2
Short Blades   | 3 |  3.0
Fighting       | |  2.9

Action                   |  1- 3 |  4- 6 || total
-------------------------+-------+-------++-------
Melee: Short sword       |    77 |    15 ||    92
Throw: Dart              |       |     3 ||     3
Invok: Depart the Abyss  |     1 |       ||     1
 Stab: Sleeping          |     4 |     1 ||     5
Armor: Robe              |     4 |     1 ||     5
Dodge: Dodged            |    48 |    10 ||    58

Table legend:
 A = Non-vault XP
 B = Vault XP
 C = Vault XP percentage of total XP
 D = Non-vault monster count
 E = Vault monster count
 F = Vault count percentage of total count
                 A         B        C        D         E       F
            +---------+---------+-------+---------+---------+-------
      Total |     130 |       0 |   0.0 |      44 |       0 |   0.0
            +---------+---------+-------+---------+---------+-------
        D:1 |      24 |       0 |   0.0 |      15 |       0 |   0.0
        D:2 |      83 |       0 |   0.0 |      23 |       0 |   0.0
        D:3 |      23 |       0 |   0.0 |       6 |       0 |   0.0
            +---------+---------+-------+---------+---------+-------
